 Dungeon Crawl Stone Soup version 0.29-a0-994-gc5c9f59d18 (webtiles) character file.

Game seed: 15555753732379286920

2849 Sobieck the Cleaver (level 9, -7/67 HPs)
             Began as a Palentonga Abyssal Knight on Aug 4, 2022.
             Was a High Priest of Lugonu.
             Mangled by a two-headed ogre
             ... wielding a +0 giant club
              (37 damage)
             ... on level 8 of the Dungeon.
             The game lasted 00:10:35 (8135 turns).

Sobieck the Cleaver (Palentonga Abyssal Knight)     Turns: 8135, Time: 00:10:36

Health: -7/67      AC: 17    Str: 23    XL:     9   Next: 46%
Magic:  10/10      EV:  5    Int: 10    God:    Lugonu [*****.]
Gold:   376        SH:  6    Dex: 11    Spells: 8/8 levels left

rFire   . . .      SeeInvis +   d - +0 war axe {axe}
rCold   + . .      Faith    .   x - +3 buckler of the Quiescent God {rPois SInv Stlth+}
rNeg    . . .      Spirit   .   j - +2 chain mail {rC+}
rPois   +          Reflect  .   (no helmet)
rElec   .          Harm     .   (no cloak)
rCorr   .          Rampage  .   D - +0 pair of gloves
Will    .....                   (no barding)
Stlth   ..........              (no amulet)
HPRegen 0.21/turn               (no ring)
MPRegen 0.12/turn               (no ring)

@: curled up
A: large, rugged brown scales 3, see invisible, deformed body, roll 1, armoured
tail, reflexive curl
a: Rolling Charge, Renounce Religion, Depart the Abyss, Bend Space, Banish,
Corrupt, Enter the Abyss


You were on level 8 of the Dungeon.
You worshipped Lugonu.
Lugonu was extremely pleased with you.
You visited 1 branch of the dungeon, and saw 8 of its levels.
You visited the Abyss 1 time.

You collected 376 gold pieces.


Innate Abilities, Weirdness & Mutations

You are completely covered in rugged brown scales. (AC +3, +7% HP)
You have supernaturally acute eyesight. (SInv)
Armour fits poorly on your strangely shaped body.
You can roll at nearby foes to attack.
You have a long armoured tail.
You curl defensively after being hit. (AC +7*)


   Skills:
 - Level 3.0 Fighting
 + Level 13.1 Axes
 - Level 1.5 Armour
 - Level 0.7 Dodging
 - Level 2.0 Invocations


You had 8 spell levels left.
You didn't know any spells.
Your spell library contained the following spells:

 Spells                   Type           Power      Damage    Failure   Level
 Sandblast                Erth           0%         2d4       99%         1
 Slow                     Hex            0%         N/A       99%         1
 Passwall                 Tmut/Erth      0%         N/A       99%         2
 Sublimation of Blood     Necr           0%         N/A       99%         2
 Wereblood                Tmut           0%         N/A       99%         2
 Confusing Touch          Hex            0%         N/A       100%        3
 Ignite Poison            Fire/Tmut/Pois 0%         N/A       100%        3
 Mephitic Cloud           Conj/Pois/Air  0%         N/A       100%        3
 Stone Arrow              Conj/Erth      0%         3d7       100%        3
 Vampiric Draining        Necr           0%         2d6       100%        3
 Alistair's Intoxication  Tmut/Pois      0%         N/A       100%        5
 Summon Hydra             Summ           0%         N/A       100%        7

Inventory:

Hand Weapons
 d - a +0 war axe (weapon) {axe}
   (You took it off an orc priest on level 7 of the Dungeon)
 s - a +2 hand axe of freezing {axe}
 v - the +4 long sword "Enoim" {freeze, rN++ Str+2 Int+6, long}
   (You found it on level 2 of the Dungeon)

   It freezes those it strikes, dealing additional cold damage.
   It can also slow down cold-blooded creatures.
   Str:       It affects your strength (+2).
   Int:       It affects your intelligence (+6).
   rN:        It greatly protects you from negative energy.
Missiles
 g - 70 stones {throwing}
 l - 2 atropa-tipped darts {throwing}
 A - 17 poisoned darts {throwing}
 B - 6 javelins {throwing}
 X - 9 boomerangs {throwing}
Armour
 e - a +0 ring mail
   (You found it on level 1 of the Dungeon)
 f - a +0 ring mail
   (You found it on level 1 of the Dungeon)
 j - a +2 chain mail of cold resistance (worn)
   (You took it off a goblin on level 1 of the Dungeon)
 m - a +0 scale mail
   (You found it on level 6 of the Dungeon)
 n - a +0 robe
   (You found it on level 2 of the Dungeon)
 o - a +0 robe
   (You took it off an orc wizard on level 3 of the Dungeon)
 r - a +0 scale mail
   (You took it off Terence on level 2 of the Dungeon)
 u - a +0 ring mail
   (You took it off an orc on level 3 of the Dungeon)
 x - the +3 buckler of the Quiescent God (worn) {rPois SInv Stlth+}
   (You found it on level 2 of the Dungeon)

   rPois:     It protects you from poison.
   SInv:      It lets you see invisible.
   Stlth:     It makes you more stealthy.
 z - a +0 scale mail
   (You took it off an orc on level 3 of the Dungeon)
 D - a +0 pair of gloves (worn)
   (You found it on level 3 of the Dungeon)
 E - a +0 robe
   (You took it off Blork the orc on level 4 of the Dungeon)
 F - a +0 ring mail
   (You took it off an orc priest on level 4 of the Dungeon)
 G - a +0 robe
   (You took it off an orc wizard on level 4 of the Dungeon)
 I - a +0 ring mail
   (You took it off an orc on level 4 of the Dungeon)
 J - a +0 robe
   (You took it off an orc wizard on level 4 of the Dungeon)
 K - a +0 robe
   (You took it off a gnoll bouda on level 5 of the Dungeon)
 L - a +0 scale mail
   (You found it on level 4 of the Dungeon)
 M - a +0 ring mail
   (You took it off an orc on level 4 of the Dungeon)
 N - a +0 scale mail
   (You found it on level 4 of the Dungeon)
 O - a +2 leather armour of cold resistance
   (You took it off Eustachio on level 4 of the Dungeon)
 R - a +0 leather armour
   (You found it on level 5 of the Dungeon)
 S - a +0 robe
   (You took it off an orc wizard on level 5 of the Dungeon)
 T - a +0 scale mail
   (You took it off an orc on level 5 of the Dungeon)
 U - a +0 robe
   (You found it on level 5 of the Dungeon)
 V - a +0 robe
   (You took it off an orc wizard on level 5 of the Dungeon)
 W - a +0 chain mail
   (You took it off an orc on level 5 of the Dungeon)
Magical Staves
 w - a staff of conjuration {!a@e2staff}
   (You found it on level 2 of the Dungeon)
Jewellery
 y - a ring of see invisible
   (You found it on level 3 of the Dungeon)
Wands
 Q - a wand of paralysis (10)
   (You took it off a gnoll on level 5 of the Dungeon)
Scrolls
 b - a scroll of immolation {!r!r}
 c - 2 scrolls of teleportation {@r4}
 h - a scroll of blinking {!r}
 p - a scroll of enchant weapon
 Y - a scroll of fear
Potions
 a - 5 potions of curing {@q1}
 i - 3 potions of brilliance
 k - 2 potions of mutation {!q}
 q - a potion of invisibility
 t - 2 potions of might
 C - 2 potions of flight
 H - 2 potions of ambrosia
 P - a potion of lignification {unknown}
 Z - a potion of attraction {unknown}

Dungeon Overview and Level Annotations

Branches:
Dungeon (8/15) Zot: 26985  Temple (0/1) D:7            Lair (0/5) D:8

Altars:
Vehumet
Zin

Annotations:
D:4 3 runed translucent doors, greasedhog's ghost, novice GrEE
D:6 4 runed translucent doors, Crazy Yiuf; MisterAzrael's ghost, novice DEAE

## #..(..#.##.## ..#
#...........## #.#
#.....#.......
#[#####...##......#
####..........>...#..
................>...#
#........#<..#####
#.#.#)###....## #O@.#
#..#.>. ......>..#
#....###
#####........#.##
###.#..#.#.#
#.#..#.#.# #.#..#.
...... #.# .##


You could see a two-headed ogre.


Message History

The hound bites you but does no damage. You block the hound's attack.
You miss the hound. The hound bites you.
You barely miss the hound. You tail-slap the hound!
The hound bites you but does no damage.
You hit the hound.
You kill the hound!
Lugonu accepts your kill.
No target in view!
You see here a hound corpse.
Things that are here:
a +0 dagger {short}; a +0 robe; a +0 whip {mace} Your pack is full.
Things that are here:
a +0 falchion of holy wrath {long}; a +0 ring mail Your pack is full.
Things that are here:
a +0 falchion of holy wrath {long}; a +0 ring mail Could not pick up a +0 falchion of holy wrath {long} here; ([A]lways) ignore it?
Autopickup disabled for falchions.
There is a stone staircase leading down here.
You open the door.
Found a glowing silver altar of Zin.
Unknown command.
Found a radiant altar of Vehumet.
Search for what [? for help]? ax Unknown command.
Unknown command.
There is an open door here.
You see here a +0 hand axe {axe}.
You see here a +0 whip {mace}.
Found a stone staircase leading down.
Unknown command.
There is a stone staircase leading down here.
There is a stone staircase leading down here.
You see here a +0 flail {mace}.
Things that are here:
a +0 dagger {short}; a +0 robe; a +0 hand axe {axe} You see here a +0 short sword {short}.
You see here a +0 long sword {long}.
Your pack is full.
You see here a +1 vorpal hand axe {axe}.
Unknown command.
Your pack is full.
You see here a +1 vorpal hand axe {axe}.
Could not pick up a +1 vorpal hand axe {axe} here; ([A]lways) ignore it?
Autopickup disabled for hand axes.
Done exploring.
Done exploring.
You see here a +0 long sword {long}.
You see here a +0 short sword {short}.
There is an escape hatch in the floor here.
There is a stone staircase leading down here.
You climb downwards.
You hear the hiss of flowing sand.
There is an entrance to an ossuary on this level.
Hurry and find it before the portal is buried!
Found 6 stones.
Found a staircase to the Lair and two stone staircases leading down.
There is a stone staircase leading up here.
Unknown command.
Unknown command.
An orc comes into view. It is wielding a +0 flail.
Found a glowing fluorescent wand.
Found a stone staircase leading down.
The orc shouts!
Danger!
A bullfrog comes into view.
The bullfrog gives a loud, deep croak!
You roll forward with a clatter of scales!
You barely miss the orc. The orc hits you with a +0 flail.
You barely miss the orc. You hit the orc. You tail-slap the orc.
You kill the orc!
Lugonu accepts your kill.
You completely miss the bullfrog.
The bullfrog hits you but does no damage. x2
You slice the bullfrog!! You block the bullfrog's attack.
You closely miss the bullfrog.
The bullfrog hits you but does no damage.
A two-headed ogre comes into view. It is wielding two +0 giant clubs.
The two-headed ogre shouts in stereo!
You slash the bullfrog!
You kill the bullfrog!
Lugonu accepts your kill.
Items here: ) [ ††.
The two-headed ogre hits you with a +0 giant club!
The two-headed ogre hits you with a +0 giant club.
Unknown command.
Press: ? - help, Shift-Dir - straight line, f - two-headed ogre
Aim: a two-headed ogre, wielding two +0 giant clubs (chance to affect: 65%)
Okay, then.
Unknown command.
You slash the two-headed ogre!
You hit the two-headed ogre but do no damage.
The two-headed ogre hits you with a +0 giant club!!
* * * LOW HITPOINT WARNING * * *
You block the two-headed ogre's attack.
Unknown command.
You hit the two-headed ogre.
The two-headed ogre hits you with a +0 giant club!!!
Ouch! That really hurt!
You die...

Skill      XL: |  1  2  3  4  5  6  7  8  9 |
---------------+----------------------------+-----
Axes           | 3 4 5 6 8 9 11 13 | 13.1
Fighting       | |  3.0
Armour         | |  1.5
Dodging        | |  0.7
Invocations    | |  2.0

Action                   |  1- 3 |  4- 6 |  7- 9 || total
-------------------------+-------+-------+-------++-------
Melee: Hand axe          |    90 |   125 |   250 ||   465
       Tailslap          |    10 |    10 |    37 ||    57
       War axe           |       |       |    25 ||    25
 Abil: Rolling Charge    |    24 |    25 |    32 ||    81
  Use: Scroll            |     6 |     5 |     9 ||    20
       Potion            |       |       |     2 ||     2
Armor: Ring mail         |    37 |       |       ||    37
       Chain mail        |       |    36 |    99 ||   135
Dodge: Dodged            |    39 |    17 |    46 ||   102
Block: Buckler           |       |    27 |    51 ||    78

Levels and vault maps discovered:
D:1:      spicycebolla_arrival_clurvy, layout_loops_cross, serial_forest,
          infiniplex_forest_clump_tiny, infiniplex_forest_zigzag_1,
          infiniplex_forest_clump_small, infiniplex_forest_straight_2,
          infiniplex_forest_end_3, infiniplex_forest_lined_3_way,
          infiniplex_forest_lined_room_2, infiniplex_forest_clump_cross,
          shapermc_ecumenical_altar_starsandcircs
D:2:      layout_loops_cross, minivault_5, minmay_surrounded, uniq_terence
D:3:      wander_river, layout_basic
D:4:      layout_rooms, ebering_ghost_rock_garden, uniq_blork_the_orc,
          uniq_eustachio, uniq_natasha
D:5:      layout_basic
D:6:      layout_gridville, biasface_ghost_orc_armoury, uniq_crazy_yiuf_cottage
D:7:      layout_layer_cave, gammafunk_temple_overflow_pools, temple_statues,
          minmay_small_thing
D:8:      layout_loops_ring, lair_entry_dummy, serial_shops,
          nicolae_shop_crystal, nicolae_ossuary_entry_ruins, eino_jars

Notes
Turn   | Place    | Note
-------+----------+-------------------------------------------
     0 | Abyss:1  | Sobieck the Palentonga Abyssal Knight began the quest for
                  | the Orb.
     0 | Abyss:1  | Reached XP level 1. HP: 19/19 MP: 2/2
     4 | D:1      | You pass through the gate.
     4 | D:1      | Escaped the Abyss
   265 | D:1      | Reached XP level 2. HP: 25/25 MP: 3/3
   273 | D:1      | Found a faded altar of an unknown god.
   343 | D:1      | You pick up a book of Debilitation and begin reading...
   343 | D:1      | You add the spells Slow, Vampiric Draining and Confusing
                  | Touch to your library.
   370 | D:1      | Reached skill level 3 in Axes
   867 | D:1      | Reached XP level 3. HP: 28/31 MP: 4/4
  1032 | D:1      | Reached *** piety under Lugonu
  1498 | D:2      | Noticed Terence
  1506 | D:2      | Killed Terence
  1507 | D:2      | Reached skill level 4 in Axes
  1507 | D:2      | Reached XP level 4. HP: 32/37 MP: 5/5
  1579 | D:2      | Identified the +4 long sword "Enoim" {freeze, rN++ Str+2
                  | Int+6}
  1672 | D:2      | Identified the +3 buckler of the Quiescent God {rPois SInv
                  | Stlth+}
  2011 | D:3      | You pick up a book of Geomancy and begin reading...
  2011 | D:3      | You add the spells Sandblast, Passwall and Stone Arrow to
                  | your library.
  2036 | D:3      | HP: 7/37 [shadow imp/nerve-wracking pain (13)]
  2039 | D:3      | Reached skill level 5 in Axes
  2965 | D:4      | Reached XP level 5. HP: 43/43 MP: 6/6
  3035 | D:4      | Noticed Blork the orc
  3040 | D:4      | Killed Blork the orc
  3052 | D:4      | Reached skill level 6 in Axes
  3058 | D:4      | Reached XP level 6. HP: 33/50 MP: 7/7
  3062 | D:4      | HP: 9/50 [orc priest/nerve-wracking pain (5)]
  3077 | D:4      | HP: 10/50 [jackal (1)]
  3391 | D:4      | Reached **** piety under Lugonu
  3468 | D:4      | Noticed Natasha
  3472 | D:4      | Killed Natasha
  3473 | D:4      | Reached skill level 7 in Axes
  3576 | D:4      | HP: 10/50 [ogre/+0 giant club (4)]
  3708 | D:4      | Noticed Natasha
  3711 | D:4      | Killed Natasha
  3884 | D:4      | Noticed Eustachio
  3895 | D:4      | Killed Eustachio
  3896 | D:4      | Reached skill level 8 in Axes
  3896 | D:4      | Gained mutation: You curl defensively after being hit. (AC
                  | +7*) [Palentonga growth]
  3896 | D:4      | Reached XP level 7. HP: 51/55 MP: 8/8
  3919 | D:4      | Noticed Natasha
  3924 | D:4      | Killed Natasha
  3990 | D:4      | Found a runed translucent gate.
  3990 | D:4      | Found a runed translucent gate.
  3990 | D:4      | Found a runed translucent gate.
  3990 | D:4      | Noticed greasedhog's ghost (novice GrEE)
  4079 | D:5      | Entered Level 5 of the Dungeon
  4634 | D:5      | Reached skill level 9 in Axes
  4672 | D:5      | Reached XP level 8. HP: 61/62 MP: 9/9
  4796 | D:5      | You pick up a book of Blood and begin reading...
  4796 | D:5      | You add the spells Sublimation of Blood, Wereblood and
                  | Summon Hydra to your library.
  4859 | D:5      | Reached skill level 10 in Axes
  5453 | D:6      | Reached ***** piety under Lugonu
  5597 | D:6      | Found a runed translucent door.
  5598 | D:6      | Noticed Crazy Yiuf
  5678 | D:6      | Reached skill level 11 in Axes
  5743 | D:6      | Found a runed translucent gate.
  5744 | D:6      | Found a runed translucent gate.
  5759 | D:6      | Noticed MisterAzrael's ghost (novice DEAE)
  5760 | D:6      | Found a runed translucent gate.
  5761 | D:6      | Identified the +6 plate armour of Paranoia {+Blink rC+ rN+
                  | Int+4}
  6278 | D:7      | HP: 14/62 [steam dragon (7)]
  6283 | D:7      | HP: 5/62 [steam dragon/ball of steam (19)]
  6813 | D:7      | Reached XP level 9. HP: 67/67 MP: 10/10
  6827 | D:7      | Noticed a deep elf pyromancer
  6833 | D:7      | Killed a deep elf pyromancer
  6834 | D:7      | Reached skill level 12 in Axes
  7048 | D:7      | You add the spells Mephitic Cloud, Ignite Poison and
                  | Alistair's Intoxication to your library.
  7048 | D:7      | Got the Precepts of Venin
  7518 | D:7      | Reached skill level 13 in Axes
  7551 | D:7      | Found a staircase to the Ecumenical Temple.
  7691 | D:7      | Found a glowing silver altar of Zin.
  7692 | D:7      | Found a radiant altar of Vehumet.
  8120 | D:8      | Found a staircase to the Lair.
  8129 | D:8      | Noticed a two-headed ogre
  8135 | D:8      | Mangled by a two-headed ogre

Vanquished Creatures
  A deep elf pyromancer (D:7)
  Eustachio (D:4)
  A steam dragon (D:7)
  2 black bears (D:5)
  An ice beast (D:7)
  An ogre (D:4)
  2 phantoms
  A kobold brigand (D:6)
  Blork the orc (D:4)
  2 necrophages
  3 bullfrogs
  4 hounds
  2 jellies
  Terence (D:2)
  7 orc priests
  A gnoll bouda (D:5)
  5 iguanas
  14 orc wizards
  Natasha (thrice) (D:4)
  4 adders
  4 gnolls (D:5)
  4 shadow imps
  3 white imps
  2 worms (D:3)
  3 dart slugs
  24 orcs
  6 endoplasms
  3 giant cockroaches
  9 goblins
  7 hobgoblins
  10 jackals
  6 kobolds
  8 quokkas
  6 ball pythons
  4 bats (D:1)
  3 frilled lizards
  3 rats
162 creatures vanquished.

Vanquished Creatures (others)
  9 plants (D:1)
9 creatures vanquished.

Grand Total: 171 creatures vanquished

Table legend:
 A = Non-vault XP
 B = Vault XP
 C = Vault XP percentage of total XP
 D = Non-vault monster count
 E = Vault monster count
 F = Vault count percentage of total count
                 A         B        C        D         E       F
            +---------+---------+-------+---------+---------+-------
      Total |    3164 |     907 |  22.3 |     153 |       9 |   5.6
            +---------+---------+-------+---------+---------+-------
        D:1 |      48 |       0 |   0.0 |      27 |       0 |   0.0
        D:2 |      12 |      46 |  79.3 |       7 |       5 |  41.7
        D:3 |      86 |       0 |   0.0 |      17 |       0 |   0.0
        D:4 |     417 |     317 |  43.2 |      26 |       3 |  10.3
        D:5 |     945 |       0 |   0.0 |      28 |       0 |   0.0
        D:6 |     646 |       0 |   0.0 |      24 |       0 |   0.0
        D:7 |     919 |     544 |  37.2 |      22 |       1 |   4.3
        D:8 |      91 |       0 |   0.0 |       2 |       0 |   0.0
            +---------+---------+-------+---------+---------+-------

Illustrated notes

Table legend:
 A = Kills in this place as a percentage of kills in entire the game.
 B = Kills by you in this place as a percentage of kills by you in the entire game.
 C = Kills by friends in this place as a percentage of kills by friends in the entire game.
 D = Other kills in this place as a percentage of other kills in the entire game.
 E = Experience gained in this place as a percentage of experience gained in the entire game.
 F = Experience gained in this place divided by the number of levels of this place that you have seen.
                   A       B       C       D       E      F
               +-------+-------+-------+-------+-------+----------------------
         Total | 100.0 | 100.0 |   N/A |   N/A | 100.0 | 452.3
       Dungeon | 100.0 | 100.0 |   N/A |   N/A | 100.0 | 508.9
               +-------+-------+-------+-------+-------+----------------------

Table legend: (Time is in decaauts)
 A = Elapsed time spent in this place.
 B = Non-inter-level travel time spent in this place.
 C = Inter-level travel time spent in this place.
 D = Time resting spent in this place.
 E = Time spent auto-exploring this place.
 F = Levels seen in this place.
 G = Mean time per level.
                   A        B        C        D        E       F      G
               +--------+--------+--------+--------+--------+-----+--------+
         Total |   8109 |   7917 |    192 |   1464 |   5623 |   9 |  901.0 |
       Dungeon |   8105 |   7913 |    192 |   1464 |   5623 |   8 | 1013.1 |
         Abyss |      4 |      4 |      0 |      0 |      0 |   1 |    4.0 |
               +--------+--------+--------+--------+--------+-----+--------+

Top non-repeatable levels by time:
     D:7: 1844 daAuts
     D:5: 1314 daAuts
     D:1: 1252 daAuts
     D:4: 1126 daAuts
     D:3: 1044 daAuts
     D:6: 838 daAuts
     D:2: 673 daAuts
     D:8: 14 daAuts
 Abyss:1: 4 daAuts
